 Dungeon Crawl Stone Soup version 0.31-a0-675-g238779eb0a (webtiles) character file.

Game seed: 1386030743855721070

919 qw the Skirmisher (level 8, -7/49 HPs)
             Began as a Gargoyle Hunter on Sept 5, 2023.
             Was an Initiate of Okawaru.
             Mangled by Duvessa
             ... wielding a +0 short sword
              (10 damage)
             ... on level 6 of the Dungeon.
             The game lasted 00:01:28 (3861 turns).

qw the Skirmisher (Gargoyle Hunter)                 Turns: 3861, Time: 00:01:28

Health: -7/49      AC: 14    Str: 14    XL:     8   Next: 9%
Magic:  8/8        EV: 11    Int: 11    God:    Okawaru [......]
Gold:   88         SH:  0    Dex: 15    Spells: 7/7 levels left

rFire   . . .        Y - +6 shortbow (freeze)
rCold   . . .        (shield currently unavailable)
rNeg    + . .        e - +0 ring mail
rPois   inf          (no helmet)
rElec   +            (no cloak)
rCorr   .            (no gloves)
SInv    .            c - +2 pair of boots
Will    .....        (no amulet)
Stlth   +            (no ring)
HPRegen 0.28/turn    (no ring)
MPRegen 0.11/turn

%: no passive effects
@: about to teleport
A: sickness immunity, AC +5, negative energy resistance 1, electricity
resistance, torment resistance 1, petrification resistance
a: Renounce Religion


You were on level 6 of the Dungeon.
You worshipped Okawaru.
Okawaru was noncommittal.
You visited 2 branches of the dungeon, and saw 7 of its levels.

You collected 380 gold pieces.
You spent 292 gold pieces at shops.


Innate Abilities, Weirdness & Mutations

You are immune to sickness and miasma.
Your stone body is resilient. (AC +5)
You are immune to poison.
You resist negative energy. (rN+)
You are resistant to electric shocks. (rElec)
You are resistant to unholy torment.
You are immune to petrification.


   Skills:
 - Level 5.0 Fighting
 + Level 8.4 Ranged Weapons
 - Level 2.0 Armour
 - Level 2.1 Dodging
 - Level 1.1 Stealth


You had 7 spell levels left.
You didn't know any spells.
Your spell library was empty.

Inventory:

Hand Weapons
 Y - a +6 shortbow of freezing (weapon)
Armour
 c - a +2 pair of boots (worn)
 e - a +0 ring mail (worn)
Scrolls
 a - 4 scrolls of identify
 d - a scroll of enchant armour
Potions
 f - 4 potions of curing
 g - 2 potions of resistance
 i - a potion of enlightenment

Dungeon Overview and Level Annotations

Branches:
Dungeon (6/15)             Temple (1/1) D:5

Altars:
Cheibriados
Dithmenos
Elyvilon
Fedhas
Gozag
Hepliaklqana
Kikubaaqudgha
Makhleb
Nemelex Xobeh
Okawaru
Ru
Sif Muna
Trog
Uskayaw
Vehumet
Wu Jian
Zin
The Shining One

Shops:
D:3 ?   D:5 :***:

Annotations:
D:6 Duvessa


Message History

You shoot an arrow. The arrow closely misses the iguana.
The iguana hisses angrily.
You shoot an arrow. The arrow hits the iguana!
The iguana seems to slow down.
The arrow freezes the iguana.
The iguana is severely wounded.
Duvessa, Sister of Dowan comes into view.
She is wielding a +0 short sword and carrying a wand of flame.
You shoot an arrow. The arrow closely misses the iguana.
Duvessa shouts!
Duvessa goes berserk!
The iguana is no longer moving slowly.
Duvessa rages.
You shoot an arrow. The arrow barely misses the iguana.
The iguana misses you.
You shoot an arrow.
The arrow hits the iguana but does no damage.
The iguana is severely wounded.
The iguana bites you.
You shoot an arrow. The arrow hits the iguana!
The arrow freezes the iguana.
You kill the iguana!
Okawaru accepts your kill. Duvessa barely misses you.
Duvessa closely misses you.
You shoot an arrow. The arrow hits Duvessa!
The arrow freezes Duvessa.
Duvessa is lightly wounded.
Duvessa hits you but does no damage. x2
You shoot an arrow. The arrow hits Duvessa.
The arrow freezes Duvessa.
Duvessa is moderately wounded.
Duvessa hits you with a +0 short sword.
You shoot an arrow. The arrow closely misses Duvessa.
Duvessa hits you but does no damage. Duvessa hits you with a +0 short sword!
You shoot an arrow. The arrow barely misses Duvessa.
Duvessa hits you with a +0 short sword! x2
You shoot an arrow. The arrow barely misses Duvessa.
Duvessa hits you with a +0 short sword!
3860 ||| READING scroll of teleportation.
As you read the scroll of teleportation, it crumbles to dust.
You feel strangely unstable. Duvessa barely misses you.
Duvessa hits you with a +0 short sword.
You shoot an arrow. The arrow hits Duvessa!
The arrow freezes Duvessa.
Duvessa is heavily wounded.
Duvessa hits you with a +0 short sword!
You die...

### ## ..# #.
..## #..
..###.##.
..#####.%......
.))#.e@#
#.#..##
#.##....#
#.......#
#####>### #####
#.# ...#
####.### ##+##
####.# #......#
##...###.....
#.##.#.#
##.....##.###'


You could see Duvessa (berserk).

Vanquished Creatures
  A phantom (D:5)
  A bullfrog (D:4)
  Dowan (D:6)
  2 hounds (D:5)
  3 orc priests
  2 jellies (D:5)
  A gnoll bouda (D:5)
  A sleepcap (D:5)
  2 orc wizards (D:4)
  6 iguanas
  Terence (D:2)
  3 gnolls (D:5)
  14 adders
  A worm (D:2)
  A dart slug (D:1)
  13 orcs
  8 bats
  5 endoplasms
  A giant cockroach (D:3)
  5 goblins
  3 hobgoblins
  4 jackals (D:3)
  4 quokkas
  5 ball pythons
  5 frilled lizards
  3 kobolds
  5 rats
101 creatures vanquished.

Notes
Turn   | Place    | Note
-------+----------+-------------------------------------------
     0 | D:1      | qw the Gargoyle Hunter began the quest for the Orb.
     0 | D:1      | Reached XP level 1. HP: 12/12 MP: 1/1
     0 | D:1      | 0 ||| qw: Version: 0.3-a-75-g829b12e
     0 | D:1      | 0 ||| qw: Game counter: 155
     0 | D:1      | 0 ||| qw: Melee chars always use a shield: true
     0 | D:1      | 0 ||| qw: God list: Okawaru
     0 | D:1      | 0 ||| qw: Allow faded altars: false
     0 | D:1      | 0 ||| qw: Do Orc after clearing Dungeon:15 true
     0 | D:1      | 0 ||| qw: Do second Lair branch before Depths: true
     0 | D:1      | 0 ||| qw: Lair rune preference: random
     0 | D:1      | 0 ||| qw: Goals: Normal
     0 | D:1      | 0 ||| PLANNING D:1-11
   139 | D:1      | Reached XP level 2. HP: 17/17 MP: 2/2
   346 | D:1      | 346 ||| UPGRADING to +0 ring mail.
   356 | D:1      | 356 ||| DROPPING +0 leather armour.
   357 | D:1      | 357 ||| READING scroll labelled VYISOS COTT.
   362 | D:1      | 362 ||| READING scroll labelled WIFUAV XIDOGA.
   363 | D:1      | 363 ||| READING 4 scrolls labelled EMUCKE BIPO.
   364 | D:1      | 364 ||| READING 3 scrolls of enchant weapon.
   364 | D:1      | 364 ||| ENCHANTING +1 shortbow.
   365 | D:1      | 365 ||| READING 2 scrolls of enchant weapon.
   365 | D:1      | 365 ||| ENCHANTING +2 shortbow.
   366 | D:1      | 366 ||| READING scroll of enchant weapon.
   366 | D:1      | 366 ||| ENCHANTING +3 shortbow.
   367 | D:1      | 367 ||| READING scroll labelled GAQIAHUKHE.
   368 | D:1      | 368 ||| DROPPING scroll of butterflies.
   439 | D:2      | Reached skill level 1 in Armour
   439 | D:2      | Reached XP level 3. HP: 21/21 MP: 3/3
   655 | D:2      | Reached skill level 5 in Ranged Weapons
   701 | D:2      | Reached XP level 4. HP: 27/27 MP: 4/4
   737 | D:2      | 737 ||| READING scroll of enchant weapon.
   737 | D:2      | 737 ||| ENCHANTING +4 shortbow.
   757 | D:2      | Reached skill level 3 in Fighting
   831 | D:2      | Noticed Terence
   839 | D:2      | Killed Terence
   917 | D:2      | Reached XP level 5. HP: 32/32 MP: 5/5
  1054 | D:2      | 1054 ||| READING 2 scrolls labelled DIHYRI KIKHIJ.
  1055 | D:2      | 1055 ||| READING scroll labelled CECWOU SUONNUU.
  1056 | D:2      | 1056 ||| READING scroll labelled MIUH SYVULI.
  1057 | D:2      | 1057 ||| READING 3 scrolls labelled MOXKAE EJATT.
  1058 | D:2      | 1058 ||| DROPPING 2 scrolls of fear.
  1225 | D:3      | Found Hiczuem's Magic Scroll Boutique.
  1234 | D:3      | 1234 ||| SHOPLISTING scroll of acquirement (520 gold, have
                  | 162).
  1234 | D:3      | 1234 ||| BUYING scroll of enchant armour (75 gold).
  1234 | D:3      | Bought a scroll of enchant armour for 75 gold pieces
  1234 | D:3      | 1234 ||| BUYING scroll of identify (20 gold).
  1234 | D:3      | Bought a scroll of identify for 20 gold pieces
  1234 | D:3      | 1234 ||| BUYING scroll of identify (20 gold).
  1234 | D:3      | Bought a scroll of identify for 20 gold pieces
  1680 | D:3      | 1680 ||| DRINKING 2 gluggy blue potions.
  1681 | D:3      | 1681 ||| READING 3 scrolls of identify.
  1681 | D:3      | 1681 ||| IDENTIFYING fizzy green potion
  1682 | D:3      | 1682 ||| READING 2 scrolls of identify.
  1682 | D:3      | 1682 ||| IDENTIFYING cyan potion
  1683 | D:3      | 1683 ||| DROPPING potion of degeneration.
  1705 | D:4      | 1705 ||| STAIRDANCE
  1709 | D:4      | 1709 ||| STAIRDANCE
  1712 | D:3      | Reached skill level 6 in Ranged Weapons
  1752 | D:4      | 1752 ||| STAIRDANCE
  1924 | D:4      | 1924 ||| Stepping ~*~*~tactically~*~*~ (outnumbered).
  1935 | D:4      | Reached XP level 6. HP: 28/38 MP: 6/6
  1941 | D:4      | HP: 8/38 [orc priest/+0 dagger (4)]
  1942 | D:4      | 1942 ||| READING scroll of teleportation.
  2142 | D:4      | 2142 ||| Stepping ~*~*~tactically~*~*~ (water).
  2579 | D:4      | 2579 ||| READING scroll labelled SAEMU AT QOARGH.
  2580 | D:4      | 2580 ||| DRINKING 3 puce potions.
  2581 | D:4      | 2581 ||| READING 2 scrolls of identify.
  2581 | D:4      | 2581 ||| IDENTIFYING green potion
  2582 | D:4      | 2582 ||| DROPPING potion of brilliance.
  2594 | D:5      | Entered Level 5 of the Dungeon
  2597 | D:5      | Reached skill level 7 in Ranged Weapons
  2598 | D:5      | 2598 ||| STAIRDANCE
  2642 | D:5      | Reached XP level 7. HP: 43/43 MP: 7/7
  2811 | D:5      | Reached skill level 8 in Ranged Weapons
  2820 | D:5      | 2820 ||| RETREATING.
  2823 | D:5      | 2823 ||| Stepping ~*~*~tactically~*~*~ (outnumbered).
  2852 | D:5      | Found Qineu's General Store.
  2860 | D:5      | 2860 ||| BUYING scroll of enchant armour (105 gold).
  2860 | D:5      | Bought a scroll of enchant armour for 105 gold pieces
  2860 | D:5      | 2860 ||| SHOPLISTING scroll of enchant armour (105 gold,
                  | have 59).
  2860 | D:5      | 2860 ||| BUYING scroll of identify (28 gold).
  2860 | D:5      | Bought a scroll of identify for 28 gold pieces
  2860 | D:5      | 2860 ||| SHOPLISTING wand of digging (6) (352 gold, have
                  | 31).
  3098 | D:5      | Found a staircase to the Ecumenical Temple.
  3099 | D:5      | 3099 ||| PLANNING TEMPLE
  3099 | D:5      | 3099 ||| UPGRADING to +0 pair of boots.
  3104 | D:5      | 3104 ||| READING 3 scrolls of enchant armour.
  3104 | D:5      | 3104 ||| ENCHANTING +0 pair of boots.
  3105 | D:5      | 3105 ||| READING 2 scrolls of enchant armour.
  3105 | D:5      | 3105 ||| ENCHANTING +1 pair of boots.
  3106 | D:5      | 3106 ||| READING 3 scrolls of identify.
  3106 | D:5      | 3106 ||| IDENTIFYING ruby potion
  3107 | D:5      | 3107 ||| DROPPING potion of invisibility.
  3113 | Temple   | Found a transporter.
  3113 | Temple   | Found a transporter.
  3113 | Temple   | Found a transporter.
  3113 | Temple   | Found a transporter.
  3113 | Temple   | Entered the Ecumenical Temple
  3114 | Temple   | 3114 ||| PLANNING D:1-11
  3136 | Temple   | 3136 ||| PLANNING OKAWARU WORSHIP
  3143 | Temple   | Became a worshipper of Warmaster Okawaru
  3144 | Temple   | 3144 ||| PLANNING D:1-11
  3188 | D:5      | Found Baschukor's General Store.
  3197 | D:5      | 3197 ||| SHOPLISTING +0 helmet (58 gold, have 31).
  3197 | D:5      | 3197 ||| BUYING scroll of identify (26 gold).
  3197 | D:5      | Bought a scroll of identify for 26 gold pieces
  3475 | D:5      | 3475 ||| READING scroll of enchant weapon.
  3475 | D:5      | 3475 ||| ENCHANTING +5 shortbow of freezing.
  3496 | D:5      | Found Kulen's Assorted Antiques.
  3499 | D:5      | 3499 ||| SHOPLISTING potion of curing (63 gold, have 24).
  3499 | D:5      | 3499 ||| SHOPLISTING runed cloak (157 gold, have 24).
  3499 | D:5      | 3499 ||| SHOPLISTING scroll of identify (42 gold, have 24).
  3499 | D:5      | 3499 ||| SHOPLISTING scroll of teleportation (63 gold, have
                  | 24).
  3499 | D:5      | 3499 ||| BUYING viscous grey potion (18 gold).
  3499 | D:5      | Bought a viscous grey potion for 18 gold pieces
  3516 | D:5      | Found Fabo's Book Shoppe.
  3649 | D:5      | Found Guupsof's Book Shop.
  3672 | D:5      | 3672 ||| DROPPING ring of magical power.
  3673 | D:5      | 3673 ||| READING 4 scrolls of identify.
  3673 | D:5      | 3673 ||| IDENTIFYING murky white potion
  3674 | D:5      | 3674 ||| READING 3 scrolls of identify.
  3674 | D:5      | 3674 ||| IDENTIFYING viscous grey potion
  3675 | D:5      | 3675 ||| DROPPING potion of ambrosia.
  3676 | D:5      | 3676 ||| DROPPING potion of attraction.
  3730 | D:6      | 3730 ||| PLANNING SEWER
  3731 | D:6      | Reached XP level 8. HP: 49/49 MP: 8/8
  3767 | D:6      | Found a snail-covered altar of Cheibriados.
  3838 | D:6      | Noticed Dowan
  3842 | D:6      | Killed Dowan
  3850 | D:6      | Noticed Duvessa
  3859 | D:6      | HP: 8/49 [Duvessa/+0 short sword (9)]
  3860 | D:6      | 3860 ||| READING scroll of teleportation.
  3860 | D:6      | HP: 3/49 [Duvessa/+0 short sword (6)]
  3861 | D:6      | Mangled by Duvessa

Levels and vault maps discovered:
D:1:      lightli_arrival_flooded_house, layout_rooms
D:2:      layout_basic, nicolae_concentric_dashed_squares_mild, minmay_tall_x,
          uniq_terence
D:3:      layout_basic, serial_shops, nicolae_diamond_shop
D:4:      layout_basic, chequers_serial_rivers_large_a
D:5:      layout_basic, minmay_temple_entry_proselytizer, serial_shops, shop,
          shop, shop, nicolae_shop_behind_doors, shop, grunt_decor_mini_mirrors,
          grunt_ministairs_8
D:6:      layout_loops_corners, amcnicky_altar_gilded, portal_sewer_entry_e,
          minmay_misc_feat_columns, uniq_maggie, uniq_prince_ribbit1,
          uniq_duvessa
Temple:   hellmonk_temple_divided_pantheon

Skill      XL: |  1  2  3  4  5  6  7 |
---------------+----------------------+-----
Armour         | 1 2 |  2.0
Ranged Weapons | 5 6 7 8 |  8.4
Fighting       | 3 4 5 |  5.0
Dodging        | 2 |  2.1
Stealth        | |  1.1

Action                     |  1- 3 |  4- 6 |  7- 9 || total
---------------------------+-------+-------+-------++-------
   Fire: Shortbow          |    46 |   144 |    93 ||   283
    Use: Scroll            |     7 |    10 |     7 ||    24
         Potion            |       |     2 |       ||     2
 Armour: Leather armour    |     2 |       |       ||     2
         Ring mail         |       |    60 |    27 ||    87
  Dodge: Dodged            |     5 |    45 |    19 ||    69

Table legend:
 A = Non-vault XP
 B = Vault XP
 C = Vault XP percentage of total XP
 D = Non-vault monster count
 E = Vault monster count
 F = Vault count percentage of total count
                 A         B        C        D         E       F
            +---------+---------+-------+---------+---------+-------
      Total |    1092 |     221 |  16.8 |      92 |       9 |   8.9
            +---------+---------+-------+---------+---------+-------
        D:1 |      25 |       0 |   0.0 |      15 |       0 |   0.0
        D:2 |      83 |      60 |  42.0 |      21 |       5 |  19.2
        D:3 |      59 |       0 |   0.0 |      17 |       0 |   0.0
        D:4 |     318 |       0 |   0.0 |      19 |       0 |   0.0
        D:5 |     536 |      94 |  14.9 |      18 |       3 |  14.3
        D:6 |      71 |      67 |  48.6 |       2 |       1 |  33.3
            +---------+---------+-------+---------+---------+-------
